 Dungeon Crawl Stone Soup version 0.30-b1-2-g02819fbbbe (webtiles) character file.

Game seed: 17028401870833355353

146116 Flugkiller the Thaumaturge (level 18, -14/130 HPs)
             Began as a Djinni Fighter on May 19, 2023.
             Was a High Priest of Uskayaw.
             Killed from afar by a shock serpent (25 damage)
             ... with a bolt of electricity
             ... on level 2 of the Snake Pit.
             The game lasted 01:07:39 (35276 turns).

Flugkiller the Thaumaturge (Djinni Fighter)        Turns: 35276, Time: 01:07:40

Health: -14/130    AC: 20    Str: 14    XL:     18   Next: 6%
Gold:   2598       EV: 14    Int: 25    God:    Uskayaw [*****.] SH: 11 Dex: 15

rFire   + + .        f - +8 short sword of Duty {pain, +Blink rC++ Int+3 Dex-3}
rCold   + . .        Y - +2 kite shield {AC+3}
rNeg    . . .        W - +0 troll leather armour
rPois   ∞            (no helmet)
rElec   .            O - +2 cloak {rPois}
rCorr   .            R - +2 pair of gloves
SInv    .            (boots unavailable)
Will    +....        E - amulet of faith
Stlth   ++++         K - +6 ring of intelligence
HPRegen 1.21/turn    p - +4 ring of protection
MPRegen 0.00/turn

%: faith, infuse magic (-15 HP)
@: flying, slightly contaminated, unable to drink
A: sickness immunity, fire resistance 2, cold vulnerability 1, float, innate
caster, HP casting, extra vitality 1, agile 1, inability to drink after injury
1, MP-powered wands
a: Renounce Religion, Evoke Blink, Stomp, Line Pass, Grand Finale


You were on level 2 of the Snake Pit.
You worshipped Uskayaw.
Uskayaw was aware of your devotion.
You visited 5 branches of the dungeon, and saw 27 of its levels.

You collected 2937 gold pieces.
You spent 339 gold pieces at shops.

Inventory:

Hand Weapons
 f - the +8 short sword of Duty (weapon) {pain, +Blink rC++ Int+3 Dex-3}
   (You found it on level 1 of the Lair of Beasts)

   Int:       It affects your intelligence (+3).
   Dex:       It affects your dexterity (-3).
   rC:        It greatly protects you from cold.
   +Blink:    It lets you blink.
Missiles
 x - 4 curare-tipped darts
 M - 5 throwing nets (quivered)
Armour
 k - a +0 buckler
 G - a scarf of shadows
   (You found it on level 7 of the Dungeon)
 O - a +2 cloak of poison resistance (worn)
   (You took it off Maurice on level 11 of the Dungeon)
 R - a +2 pair of gloves (worn)
   (You found it on level 2 of the Lair of Beasts)
 W - a +0 troll leather armour (worn)
   (You found it on level 12 of the Dungeon)
 X - +2 ice dragon scales
   (You found it on level 12 of the Dungeon)
 Y - a +2 kite shield of protection (worn)
   (You took it off a naga warrior on level 3 of the Snake Pit)
Jewellery
 c - a ring of protection from cold
   (You found it on level 1 of the Snake Pit)
 i - a ring of ice
   (You found it on level 1 of the Dungeon)
 j - a +4 ring of slaying
   (You found it on level 15 of the Dungeon)
 m - a ring of willpower
   (You found it on level 4 of the Dungeon)
 o - a +6 ring of dexterity
   (You found it on level 6 of the Dungeon)
 p - a +4 ring of protection (right hand)
   (You found it on level 10 of the Dungeon)
 v - a +5 ring of evasion
   (You found it on level 13 of the Dungeon)
 E - an amulet of faith (around neck)
   (You took it off a kobold brigand on level 7 of the Dungeon)
 K - a +6 ring of intelligence (left hand)
   (You took it off a wight on level 9 of the Dungeon)
Wands
 b - a wand of polymorph (5)
   (You took it off an orc wizard on level 11 of the Dungeon)
 u - a wand of paralysis (12)
   (You took it off Ijyb on level 4 of the Dungeon)
 I - a wand of digging (11)
   (You took it off an orc on level 9 of the Dungeon)
 J - a wand of flame (4)
   (You found it on level 10 of the Dungeon)
 L - a wand of light (4)
   (You found it on level 10 of the Dungeon)
 N - a wand of roots (15)
   (You found it on level 4 of the Dungeon)
Scrolls
 a - 4 scrolls of fear
 e - 9 scrolls of magic mapping
 n - 9 scrolls of fog
 r - a scroll of identify
 s - a scroll of immolation
 t - 9 scrolls of teleportation
 y - 3 scrolls of silence
 z - a scroll of torment {unknown}
 B - 7 scrolls of poison
 C - a scroll of summoning
 F - 4 scrolls of enchant armour
 S - a scroll of vulnerability
 T - 4 scrolls of enchant weapon
 Z - a scroll of acquirement
Potions
 d - 6 potions of might
 g - a potion of brilliance
 h - 3 potions of haste
 l - 4 potions of attraction
 q - 2 potions of curing
 w - a potion of heal wounds
 A - a potion of mutation
 D - 3 potions of ambrosia
 H - 2 potions of berserk rage {unknown}
 P - 2 potions of invisibility {unknown}
 Q - a potion of lignification {unknown}
Miscellaneous
 U - a phantom mirror
   (You found it on level 5 of the Lair of Beasts)
 V - a lightning rod (4/4)
   (You found it on level 1 of the Lair of Beasts)


   Skills:
 + Level 12.0 Fighting
 - Level 7.9(8.4) Short Blades
 - Level 4.0(6.4) Long Blades
 - Level 11.0 Armour
 + Level 8.2 Dodging
 - Level 8.4 Stealth
 + Level 4.4 Shields
 + Level 14.8 Spellcasting
 + Level 11.9 Invocations
 - Level 4.0 Evocations


You knew the following spells:

 Your Spells              Type           Power      Damage    Failure   Level
a - Freeze                Ice            100%       1d10      1%          1
b - Poisonous Vapours     Pois/Air       100%       N/A       1%          2
c - Fulminant Prism       Conj/Hex       37%        3d17      1%          4
d - Metabolic Englaciati  Hex/Ice        37%        N/A       1%          5
e - Eringya's Noxious Bo  Tmut/Pois      37%        N/A       3%          6
f - Death Channel         Necr           37%        N/A       3%          6
i - Irradiate             Conj/Tmut      37%        3d24      1%          5
r - Blink                 Tloc           100%       N/A       1%          2
Your spell library was empty.

Dungeon Overview and Level Annotations

Branches:
Dungeon (15/15) Zot: 25731  Temple (1/1) D:5 Zot: 5955    Lair (5/5) D:11 Zot: 20732
  Swamp (0/4) Lair:2        Snake (4/4) Lair:2 Zot: 21584   Slime (0/5) Lair:5
    Orc (2/2) D:10 Zot: 10446     Elf (0/3) Orc:2        Depths (0/4) D:15
 Vaults: D:13-14

Altars:
Ashenzari
Cheibriados
Dithmenos
Elyvilon
Fedhas
Gozag
Hepliaklqana
Makhleb
Nemelex Xobeh
Okawaru
Qazlal
Ru
Trog
Uskayaw
Wu Jian
Xom
Yredelemnul
Zin
The Shining One

Shops:
D:9 *   D:13 (   Orc:1 !(   Orc:2 [![*   Snake:3 *

Portals:
Trove: D:11 (give 11 potions of heal wounds)

Annotations:
D:4 4 runed translucent doors, Crazy Yiuf; Lolow's ghost, novice HuCA
D:6 exclusion: upstairs
D:14 exclusion: iron troll
Lair:1 exclusion: oklob plant
Snake:3 2 transporters, exclusion: obsidian statue
Orc:1 2 transporters, rpophessagr's ghost, journeyman HOMo


Innate Abilities, Weirdness & Mutations

You are immune to sickness and miasma.
You are immune to poison.
Your flesh is very heat resistant. (rF++)
You are vulnerable to cold. (rC-)
You float through the air rather than walking.
You learn spells naturally, not from books.
Your magical power is your life essence.
You have superior vitality. (+4 MHP)
You are agile. (Dex +4, Str/Int -1)
You occasionally lose the ability to drink potions when taking damage.
You expend health (3 HP) to strengthen your wands.


Message History

A shock serpent comes into view.
The mana viper festers in the toxic bog.
The mana viper is poisoned.
You block the mana viper's attack.
The black mamba bites you but does no damage.
Casting: Eringya's Noxious Bog (dangerous; 4% risk of failure)
Confirm with . or Enter, or press ? or * to list all spells.
You erupt in a fountain of uncontrolled magic!
The mana viper is blasted with magical radiation!!
The mana viper is almost dead.
The mana viper twists and deforms.
The black mamba is blasted with magical radiation!!!
You kill the black mamba!
The shock serpent is blasted with magical radiation!!
The shock serpent is moderately wounded.
The shock serpent twists and deforms.
You are lightly contaminated with residual magic.
The shock serpent hisses angrily.
The shock serpent's electric aura discharges, shocking you!
The mana viper festers in the toxic bog.
The mana viper looks as sick as possible!
The shock serpent shoots out a bolt of lightning at you!
The bolt of electricity misses you. The mana viper misses you.
Uskayaw will force your foes to share their pain.
You kill the mana viper!
The shock serpent festers in the toxic bog!
The shock serpent looks as sick as possible!
The shock serpent's electric aura discharges, shocking you!
You see here a sea snake corpse.
Casting: Irradiate (mildly dangerous; 1% risk of failure)
Confirm with . or Enter, or press ? or * to list all spells.
You radiate an aura of cold.
The shock serpent seems to slow down.
The mana viper seems to slow down.
The sea snake seems to slow down.
The shock serpent seems to slow down.
The shock serpent festers in the toxic bog!
The shock serpent looks as sick as possible!
The shock serpent shoots out a bolt of lightning at you!
The bolt of electricity hits you.
The shock serpent's electric aura discharges, shocking you!
The mana viper festers in the toxic bog.
The mana viper looks as sick as possible!
The sea snake festers in the toxic bog!!
The sea snake looks as sick as possible!
You hit the shock serpent.
The shock serpent is almost dead.
The sea snake festers in the toxic bog!!
The sea snake looks as sick as possible!
The shock serpent festers in the toxic bog!
The shock serpent looks as sick as possible!
You hit the mana viper.
The mana viper is moderately wounded.
The sea snake festers in the toxic bog!
The sea snake looks as sick as possible!
The sea snake bites you! You block the mana viper's attack.
Your noxious spew wanes.
You see here a shock serpent corpse.
Casting: Metabolic Englaciation (mildly dangerous; 1% risk of failure)
Confirm with . or Enter, or press ? or * to list all spells.
You radiate an aura of cold.
The mana viper seems to slow down.
The sea snake seems to slow down.
The shock serpent seems to slow down. x2
The shock serpent shoots out a bolt of lightning at you!
The bolt of electricity hits the shock serpent.
The shock serpent completely resists.
The bolt of electricity hits you!!
You feel threatened and lose the ability to drink potions!
* * * LOW HITPOINT WARNING * * *
You block the mana viper's attack.
Casting: Metabolic Englaciation (mildly dangerous; 1% risk of failure)
Confirm with . or Enter, or press ? or * to list all spells.
You erupt in a fountain of uncontrolled magic!
The shock serpent is blasted with magical radiation!
You kill the shock serpent!
The mana viper is blasted with magical radiation!!!
You kill the mana viper!
The sea snake is blasted with magical radiation!!
You kill the sea snake!
* * * LOW HITPOINT WARNING * * *
You can now merge with and destroy a victim.
Your Fighting skill increases to level 12!
Okay, then.
Aiming: Grand Finale
Press: ? - help, Shift-Dir - straight line, f - shock serpent
Aim: a shock serpent (moderately wounded, very poisoned, slow)
You fail to use your ability.
Aiming: Grand Finale
Press: ? - help, Shift-Dir - straight line, f/p - shock serpent
Aim: a shock serpent (moderately wounded, very poisoned, slow)
You fail to use your ability.
Aiming: Grand Finale
Press: ? - help, Shift-Dir - straight line, f/p - shock serpent
Aim: a shock serpent (moderately wounded, very poisoned, slow)
You fail to use your ability.
The shock serpent bites you but does no damage.
Casting: Irradiate (mildly dangerous; 1% risk of failure)
Confirm with . or Enter, or press ? or * to list all spells.
You radiate an aura of cold.
The shock serpent seems to slow down.
* * * LOW HITPOINT WARNING * * *
The shock serpent shoots out a bolt of lightning at you!
The bolt of electricity hits you!!
* * * LOW HITPOINT WARNING * * *
The bolt of electricity hits you!!
You die...

#...# #.............
#.... #.............
#...## #.............
#....###.............
#...†##.............
#††.##.##..........
#.††.####..........
##S†.# ##.........
#@..# ###.........
#.>.# #....)......
#...# ###.........
##### ##........
#....#....
##.##...###
##..###..### #...#
#..... #...# #.....


You could see a shock serpent (very poisoned, slow).

Vanquished Creatures
  Donald (Orc:2)
  A fire giant (D:12)
  Aizul (Snake:2)
  6 dire elephants (Lair:5)
  A great orb of eyes (D:15)
  Josephine (Lair:5)
  7 hydras
  A salamander tyrant (Snake:2)
  Erolcha (Orc:2)
  Harold (Lair:2)
  2 ice dragons (D:15)
  An ogre mage (D:15)
  7 anacondas
  A boulder beetle (Lair:3)
  4 centaur warriors
  6 naga warriors
  7 two-headed ogres
  5 death yaks (Lair:1)
  A spectral dire elephant (Lair:5)
  3 orc high priests (Orc:2)
  A death knight (D:13)
  6 shock serpents
  7 naga sharpshooters
  2 salamander mystics (Snake:3)
  A skeletal warrior (D:13)
  Sonja (Lair:2)
  A skyshark (Lair:4)
  6 sea snakes (Snake:2)
  A spectral anaconda (Lair:5)
  Lodul (D:11)
  6 naga ritualists
  A phantasmal warrior (D:13)
  A wizard (D:15)
  An obsidian statue (Lair:5)
  3 necromancers (Lair:5)
  5 orc knights
  13 mana vipers
  2 deep elf pyromancers
  6 orc sorcerers
  16 ugly things
  4 cyclopes
  12 salamanders
  A dire elephant zombie (Lair:5)
  2 manticores
  16 elephants
  18 black mambas
  A guardian serpent (Snake:3)
  Maurice (D:11)
  9 naga magi
  16 komodo dragons
  14 cane toads
  An efreet (D:14)
  A dire elephant skeleton (Lair:5)
  4 yaktaurs (D:15)
  6 kobold demonologists
  3 rime drakes
  A burning bush (Lair:2)
  3 meliai (D:15)
  7 trolls
  3 polar bears
  4 tyrant leeches (Lair:2)
  Prince Ribbit (D:5)
  A spectral elephant (Lair:5)
  13 blink frogs
  12 dream sheep
  6 slime creatures (D:15)
  A jumping spider (shapeshifter) (D:14)
  7 wraiths
  A spriggan (shapeshifter) (D:14)
  3 shadows
  2 wyverns
  5 water elementals (D:13)
  6 basilisks
  61 yaks
  A steam dragon (D:8)
  7 vampire mosquitoes
  A death yak simulacrum (Lair:5)
  26 nagas
  4 wargs
  4 acid dragons
  A spectral cane toad (Lair:5)
  15 water moccasins
  Duvessa (D:7)
  2 black bears
  22 orc warriors
  An ice beast (D:7)
  A sky beast (D:7)
  15 ogres
  10 centaurs
  12 wolves
  2 elephant skeletons (Lair:5)
  2 phantoms (D:6)
  7 kobold brigands
  2 gnoll sergeants
  14 bullfrogs
  3 scorpions
  7 wights
  Dowan (D:7)
  An elephant simulacrum (Lair:5)
  12 killer bees
  4 electric eels
  5 howler monkeys
  5 jellies
  8 hounds
  19 orc priests
  2 gnoll boudas
  39 orc wizards
  3 iguanas
  Ijyb (D:4)
  Natasha (thrice) (D:4)
  A sleepcap (D:4)
  12 hell rats
  18 gnolls
  11 adders
  A white imp (D:5)
  A worm (D:2)
  3 dart slugs
  69 orcs
  9 ball pythons
  9 endoplasms
  5 giant cockroaches
  7 goblins
  5 hobgoblins
  3 jackals (D:4)
  39 kobolds
  3 quokkas
  3 bats
  8 frilled lizards
  8 rats
863 creatures vanquished.

Vanquished Creatures (others)
  An orc priest (Orc:2)
  A bush (Lair:1)
  163 fulminant prisms
  41 fungi
  66 plants
  27 withered plants (Lair:5)
299 creatures vanquished.

Grand Total: 1162 creatures vanquished

Notes
Turn   | Place    | Note
-------+----------+-------------------------------------------
     0 | D:1      | Flugkiller the Djinni Fighter began the quest for the Orb.
     0 | D:1      | Reached XP level 1. HP: 20/20 MP: 0/0
   123 | D:1      | Reached XP level 2. HP: 25/25 MP: 0/0
   533 | D:1      | Reached XP level 3. HP: 25/30 MP: 0/0
   533 | D:1      | Learned a level 1 spell: Freeze
   594 | D:1      | Found a faded altar of an unknown god.
   966 | D:2      | Reached XP level 4. HP: 33/35 MP: 0/0
  1726 | D:3      | Reached skill level 1 in Spellcasting
  1726 | D:3      | Reached XP level 5. HP: 40/40 MP: 0/0
  1726 | D:3      | Learned a level 2 spell: Blink
  1823 | D:4      | Noticed Natasha
  1829 | D:4      | Killed Natasha
  1830 | D:4      | Noticed an orc warrior
  2118 | D:4      | Reached skill level 2 in Spellcasting
  2130 | D:4      | Noticed Ijyb
  2139 | D:4      | Paralysed by Ijyb for 4 turns
  2147 | D:4      | Killed Ijyb
  2290 | D:4      | Reached XP level 6. HP: 21/46 MP: 0/0
  2407 | D:4      | Reached skill level 3 in Spellcasting
  2722 | D:4      | Noticed an ogre
  2766 | D:4      | Killed an ogre
  2983 | D:4      | Found a runed translucent door.
  2984 | D:4      | Noticed Crazy Yiuf
  2998 | D:4      | Found a runed translucent gate.
  3024 | D:4      | Found a runed translucent gate.
  3025 | D:4      | Found a runed translucent gate.
  3027 | D:4      | Noticed Lolow's ghost (novice HuCA)
  3109 | D:4      | Reached skill level 4 in Spellcasting
  3109 | D:4      | Reached XP level 7. HP: 38/50 MP: 0/0
  3109 | D:4      | Learned a level 2 spell: Poisonous Vapours
  3581 | D:4      | Noticed Natasha
  3590 | D:4      | Killed Natasha
  3591 | D:4      | Reached XP level 8. HP: 56/58 MP: 0/0
  3609 | D:4      | Noticed Natasha
  3616 | D:4      | Killed Natasha
  3752 | D:4      | Found a snail-covered altar of Cheibriados.
  3760 | D:4      | Found a broken altar of Ashenzari.
  3907 | D:4      | Reached skill level 5 in Spellcasting
  4188 | D:3      | Reached skill level 5 in Fighting
  4277 | D:5      | Entered Level 5 of the Dungeon
  5460 | D:5      | Found a staircase to the Ecumenical Temple.
  5469 | D:5      | Reached skill level 6 in Spellcasting
  5469 | D:5      | Reached XP level 9. HP: 43/66 MP: 0/0
  5469 | D:5      | Learned a level 4 spell: Fulminant Prism
  5477 | Temple   | Entered the Ecumenical Temple
  5511 | Temple   | Became a worshipper of Uskayaw the Reveller
  5799 | D:5      | Noticed Prince Ribbit
  5804 | D:5      | Reached * piety under Uskayaw
  5809 | D:5      | Killed Prince Ribbit
  5809 | D:5      | Reached ** piety under Uskayaw
  6339 | D:5      | Reached *** piety under Uskayaw
  6349 | D:4      | Reached skill level 7 in Spellcasting
  6767 | D:6      | Noticed a troll
  6811 | D:6      | HP: 2/66 [troll (10)]
  7242 | D:6      | Reached skill level 8 in Spellcasting
  7384 | D:6      | Reached skill level 1 in Dodging
  7575 | D:6      | Killed a troll
  7576 | D:6      | Reached XP level 10. HP: 43/72 MP: 0/0
  8024 | D:6      | Identified a scroll of acquirement
  8199 | D:5      | Noticed a rust devil
  8199 | D:5      | Noticed a rust devil
  8418 | D:7      | Noticed Dowan
  8420 | D:7      | Noticed Duvessa
  8435 | D:7      | Killed Dowan
  8436 | D:7      | Killed Duvessa
  8518 | D:7      | Reached skill level 9 in Spellcasting
  9539 | D:7      | Noticed a two-headed ogre
  9579 | D:7      | Killed a two-headed ogre
  9979 | D:7      | Found an ornate altar of the Wu Jian Council.
 10113 | D:7      | Reached skill level 10 in Spellcasting
 10232 | D:7      | Reached skill level 1 in Invocations
 11271 | D:7      | Reached XP level 11. HP: 46/76 MP: 0/0
 11271 | D:7      | Learned a level 5 spell: Metabolic Englaciation
 11724 | D:8      | Reached skill level 5 in Invocations
 12041 | D:8      | Reached skill level 1 in Evocations
 12320 | D:8      | Reached **** piety under Uskayaw
 12323 | D:8      | Reached ***** piety under Uskayaw
 13717 | D:9      | Found Mewo's Changing Room.
 13959 | D:10     | Entered Level 10 of the Dungeon
 14305 | D:10     | Found a shimmering altar of Xom.
 14306 | D:10     | Found a bloodstained altar of Trog.
 14587 | D:10     | Noticed an orc knight
 14627 | D:10     | Killed an orc knight
 14843 | D:10     | Reached skill level 5 in Armour
 14854 | D:10     | Reached XP level 12. HP: 43/85 MP: 0/0
 15014 | D:10     | Found a staircase to the Orcish Mines.
 15015 | D:10     | Identified the +1 falchion "Vareprut" {drain, Drain rElec
                  | rF+ Str+3}
 15551 | D:10     | Noticed a three-headed hydra
 15579 | D:10     | Killed a three-headed hydra
 16447 | D:11     | Noticed a two-headed ogre
 16510 | D:11     | Killed a two-headed ogre
 16696 | D:11     | Noticed Maurice
 16720 | D:11     | Killed Maurice
 17019 | D:11     | Found a staircase to the Lair.
 17101 | D:11     | Found a portal to a secret trove of treasure.
 17157 | D:11     | Reached skill level 11 in Spellcasting
 17167 | D:11     | Noticed Lodul
 17314 | Lair:1   | Entered Level 1 of the Lair of Beasts
 17515 | Lair:1   | Identified the +8 short sword of Duty {pain, +Blink rC++
                  | Int+3 Dex-3}
 17722 | Lair:1   | Reached XP level 13. HP: 59/92 MP: 0/0
 17722 | Lair:1   | Learned a level 5 spell: Irradiate
 18305 | Lair:1   | Reached skill level 10 in Invocations
 18318 | Lair:1   | Reached skill level 12 in Spellcasting
 18929 | Lair:1   | Identified the +5 quarterstaff "Daesosk" {antimagic, Dex+4}
 19445 | Lair:2   | Found a staircase to the Snake Pit.
 19535 | Lair:2   | Noticed Sonja
 19554 | Lair:2   | Killed Sonja
 19692 | Lair:2   | Noticed Harold
 19704 | Lair:2   | Killed Harold
 20423 | Lair:2   | Found a staircase to the Swamp.
 21024 | Lair:3   | Reached XP level 14. HP: 84/101 MP: 0/0
 21954 | Lair:4   | Identified the +9 trident of the Dancing Viper {drain, Fly
                  | rCorr Dex-3}
 21971 | Lair:4   | Identified the +1 robe of the Game Afoot {rF+ Slay+2}
 22012 | Lair:4   | Reached skill level 10 in Fighting
 22694 | Lair:5   | Entered Level 5 of the Lair of Beasts
 22711 | Lair:5   | Reached ****** piety under Uskayaw
 22712 | Lair:5   | Reached skill level 1 in Short Blades
 22712 | Lair:5   | Reached skill level 1 in Stealth
 22857 | Lair:5   | Reached skill level 13 in Spellcasting
 23163 | Lair:5   | Noticed Josephine
 23172 | Lair:5   | Killed Josephine
 23227 | Lair:5   | Gained mutation: You do not regenerate when monsters are
                  | visible. [mutagenic glow]
 23457 | Lair:4   | Lost mutation: You do not regenerate when monsters are
                  | visible. [potion of mutation]
 23457 | Lair:4   | Gained mutation: Your body sometimes deteriorates upon
                  | taking damage. [potion of mutation]
 23457 | Lair:4   | Gained mutation: You are somewhat resistant to further
                  | mutation. [potion of mutation]
 23760 | Lair:5   | Noticed a dire elephant
 23760 | Lair:5   | Noticed a dire elephant
 23760 | Lair:5   | Noticed a dire elephant
 23761 | Lair:5   | Noticed a dire elephant
 23761 | Lair:5   | Noticed a dire elephant
 23814 | Lair:5   | Killed a dire elephant
 23937 | Lair:5   | Found a staircase to the Slime Pits.
 24044 | Lair:5   | Reached XP level 15. HP: 66/107 MP: 0/0
 24044 | Lair:5   | Learned a level 6 spell: Eringya's Noxious Bog
 25043 | Lair:5   | Reached skill level 10 in Armour
 25655 | Lair:5   | Gained mutation: You occasionally lose the ability to drink
                  | potions when taking damage. [mutagenic glow]
 25762 | Lair:5   | Lost mutation: You occasionally lose the ability to drink
                  | potions when taking damage. [potion of mutation]
 25762 | Lair:5   | Lost mutation: You are somewhat resistant to further
                  | mutation. [potion of mutation]
 25762 | Lair:5   | Lost mutation: Your body sometimes deteriorates upon taking
                  | damage. [potion of mutation]
 25762 | Lair:5   | Gained mutation: You expend health (3 HP) to strengthen
                  | your wands. [potion of mutation]
 25762 | Lair:5   | Gained mutation: You are agile. (Dex +4, Str/Int -1)
                  | [potion of mutation]
 26695 | D:11     | Killed Lodul
 27063 | D:12     | Reached skill level 5 in Short Blades
 27063 | D:12     | Reached skill level 5 in Stealth
 27588 | D:12     | Noticed a fire giant
 27594 | D:12     | Killed a fire giant
 28191 | D:13     | Found Guhuch's Antique Weapon Shop.
 28972 | D:14     | Found an opulent altar of Gozag.
 29110 | D:14     | Reached skill level 14 in Spellcasting
 29305 | D:14     | Reached XP level 16. HP: 109/113 MP: 0/0
 29746 | D:15     | Entered Level 15 of the Dungeon
 29768 | D:15     | Identified the +4 ring mail of Snakes and Ladders {Int-3
                  | Dex+2 Stlth+}
 30174 | D:15     | Reached skill level 5 in Dodging
 30367 | D:15     | Found a staircase to the Depths.
 30494 | D:15     | Paralysed by a great orb of eyes for 5 turns
 31014 | Orc:1    | Entered Level 1 of the Orcish Mines
 31132 | Orc:1    | Found a transporter.
 31134 | Orc:1    | Found a transporter.
 31135 | Orc:1    | Noticed rpophessagr's ghost (journeyman HOMo)
 31136 | Orc:1    | Identified the +2 great mace of Oozing Pus {vamp, rPois
                  | Will+ Dex-2}
 31154 | Orc:1    | Found Haodom's Firing Range.
 31245 | Orc:1    | Found Raek's Distillery.
 31256 | Orc:1    | Bought a potion of heal wounds for 65 gold pieces
 31359 | Orc:1    | Bought a potion of mutation for 104 gold pieces
 31369 | Orc:2    | Entered Level 2 of the Orcish Mines
 31369 | Orc:2    | Found a staircase to the Elven Halls.
 31380 | Orc:2    | Noticed Donald
 31389 | Orc:2    | Killed Donald
 31600 | Orc:2    | Noticed Erolcha
 31606 | Orc:2    | Killed Erolcha
 31920 | Orc:2    | Found Cuseo's Antique Armour Shoppe.
 31934 | Orc:2    | Paralysed by an orc sorcerer for 5 turns
 32085 | Orc:2    | Found Paepoe's Distillery.
 32088 | Orc:2    | Found Ifem's Assorted Antiques.
 32183 | Orc:2    | Found Lyonij's Antique Armour Shop.
 32308 | Orc:2    | Bought a scroll labelled YRPHERCHAREKK for 20 gold pieces
 32310 | Orc:2    | Bought 2 potions of heal wounds for 150 gold pieces
 32652 | Snake:1  | Entered Level 1 of the Snake Pit
 33158 | Snake:1  | Reached XP level 17. HP: 112/121 MP: 0/0
 33158 | Snake:1  | Learned a level 6 spell: Death Channel
 33259 | Snake:2  | Gained mutation: You occasionally lose the ability to drink
                  | potions when taking damage. [mutagenic glow]
 33601 | Snake:2  | Noticed Aizul
 33728 | Snake:2  | Killed Aizul
 34340 | Snake:3  | Found a transporter.
 34438 | Snake:3  | Found a transporter.
 34807 | Snake:3  | Found Uliwededghi's Assorted Antiques.
 35216 | Snake:4  | Entered Level 4 of the Snake Pit
 35257 | Snake:2  | Reached XP level 18. HP: 101/130 MP: 0/0
 35276 | Snake:2  | Killed from afar by a shock serpent

Illustrated notes

Levels and vault maps discovered:
D:1:      dpeg_arrival_long_road, layout_loops_cross, basic_ecumenical_altar
D:2:      layout_rooms, lexackson_kobold_supper
D:3:      layout_rooms, minmay_misc_feat_five
D:4:      cheibrodos_barr_body, layout_loops_ring,
          mainiacjoe_overflow_large_starburst, gammafunk_ghost_necromancy,
          corner_web_ring, columned_hall_lemuel, guppyfry_early_orc_mine,
          uniq_crazy_yiuf_cottage, uniq_ijyb, uniq_natasha
D:5:      cheibrodos_iron_armory, layout_basic,
          minmay_temple_entry_drinking_statues, serial_glass, glass_columns_a,
          glass_columns_b, uniq_prince_ribbit1
D:6:      minmay_chambers_of_sixes, layout_loops_ring, fountainhead
D:7:      minmay_clustersquares, layout_layer_cave,
          pdpol_wu_jian_five_deadly_venoms, uniq_duvessa
D:8:      layout_cave_pools, grunt_ministairs_3
D:9:      layout_loops_ring, nicolae_transmutations_shop
D:10:     layout_grid_maze, gammafunk_temple_overflow_claw, orc_david_3,
          hangedman_ranch
D:11:     layout_long_grid, erik_lair_orcish_takeover, enter_trove_0,
          uniq_lodul, uniq_maurice
D:12:     layout_basic, kennysheep_just_a_vault
D:13:     layout_basic, serial_shops, shop
D:14:     layout_long_grid, david_vaults_4, grunt_gozag_statues
D:15:     grunt_enter_depths_hoard, layout_cave_pods, dk_noncrumbling_4
Temple:   nicolae_temple_x_marks_the_god
Lair:1:   layout_cellular_growth, st_stairs_4, minmay_lair_oklob_bushes,
          chequers_serial_rivers_room_a, pond
Lair:2:   layout_loops_ring, minmay_swamp_entry_worms, dummy_snake_entry,
          evilmike_ambush [evilmike_ambush_outer_basic,
          evilmike_ambush_inner_basic], uniq_harold, uniq_sonja
Lair:3:   layout_gridlike
Lair:4:   layout_regular_city, chequers_serial_rivers_micro_a,
          serial_bayou_shore_b
Lair:5:   due_jungle_book, layout_concentric_octagons,
          nicolae_slime_entry_slimehenge, st_stairs_11,
          eino_small_chamber_without_monster, grunt_megastairs_3, uniq_josephine
Snake:1:  layout_onion, drop_trap
Snake:2:  nicolae_snake_attic_fulla_snakes, layout_grid_shapes,
          lemuel_fruit_tree, uniq_aizul
Snake:3:  gammafunk_sealed_arena, layout_onion, minmay_shop_star
Snake:4:  snake_pit, layout_cave_town, basic_altar
Orc:1:    layout_diamond_mine, gammafunk_ghost_smash, serial_shops,
          shop_fountains, nicolae_shop_firing_range
Orc:2:    st_orc_elflike, layout_diamond_mine, nicolae_orc_crystal_geode,
          uniq_erolcha, uniq_donald

Skill      XL: |  1  2  3  4  5  6  7  8  9 10 11 12 13 14 15 16 17 18 |
---------------+-------------------------------------------------------+-----
Long Blades    | 2 3 4 |  4.0
Spellcasting   | 1 2 4 6 8 10 11 12 13 14 | 14.8
Fighting       | 4 6 7 8 9 10 11 12 | 12.0
Dodging        | 4 6 8 |  8.2
Invocations    | 4 6 8 10 11 | 11.9
Evocations     | 3 4 |  4.0
Armour         | 5 6 7 9 11 | 11.0
Shields        | 4 |  4.4
Short Blades   | 3 5 6 7 |  7.9
Stealth        | 3 6 7 8 |  8.4

Action                     |  1- 3 |  4- 6 |  7- 9 | 10-12 | 13-15 | 16-18 || total
---------------------------+-------+-------+-------+-------+-------+-------++-------
  Melee: Long sword        |   115 |   135 |    65 |    71 |       |       ||   386
         Short sword       |       |       |       |    10 |   425 |   360 ||   795
         Unarmed           |       |       |       |     3 |       |       ||     3
   Cast: Freeze            |       |    24 |   115 |    27 |     5 |       ||   171
         Poisonous Vapours |       |       |    91 |   314 |   167 |       ||   572
         Fulminant Prism   |       |       |    11 |   107 |    45 |       ||   163
         Blink             |       |       |     2 |     1 |       |       ||     3
         Metabolic Englaci |       |       |       |    39 |    29 |    28 ||    96
         Irradiate         |       |       |       |       |   148 |    79 ||   227
         Eringya's Noxious |       |       |       |       |    38 |   100 ||   138
 Invoke: Grand Finale      |       |       |       |       |     2 |       ||     2
  Evoke: Wand              |       |     1 |     4 |     3 |     9 |     2 ||    19
    Use: Scroll            |       |     5 |     5 |    10 |     5 |     2 ||    27
         Potion            |       |     2 |     4 |     1 |     4 |     4 ||    15
   Stab: Paralysed         |       |       |       |     2 |    21 |    17 ||    40
         Sleeping          |       |       |       |       |     1 |     3 ||     4
 Armour: Scale mail        |    72 |    61 |       |       |       |       ||   133
         Robe              |       |     2 |    26 |    10 |       |       ||    38
         Ring mail         |       |       |       |    68 |   211 |       ||   279
         Troll leather arm |       |       |       |       |    40 |   140 ||   180
  Dodge: Dodged            |    68 |    59 |    95 |   142 |   238 |   198 ||   800
  Block: Buckler           |    33 |    38 |    41 |    60 |   101 |    77 ||   350
         Kite shield       |       |       |       |       |       |     7 ||     7
